 Dungeon Crawl Stone Soup version 0.28.0-53-g5a82cb258f (webtiles) character file.

Game seed: 14658725698900408687

4 buhh the Insei (level 1, -3/13 HPs)
             Began as an Octopode Transmuter on June 18, 2022.
             Slain by a quokka (4 damage)
             ... on level 1 of the Dungeon.
             The game lasted 00:00:10 (53 turns).

buhh the Insei (Octopode Transmuter)                  Turns: 53, Time: 00:00:11

Health: -3/13      AC:  1    Str:  9    XL:     1   Next: 60%
Magic:  3/3        EV: 10    Int: 15    God:
Gold:   0          SH:  0    Dex: 12    Spells: 3/4 levels left

rFire   . . .      SeeInvis .     - Unarmed
rCold   . . .      Faith    .   (no shield)
rNeg    . . .      Spirit   .   (helmet currently unavailable)
rPois   .          Reflect  .   (no amulet)
rElec   .          Harm     .   (no ring)
rCorr   .          Rampage  .   (no ring)
Will    .....                   (no ring)
Stlth   +++.......              (no ring)
HPRegen 0.04/turn               (no ring)
MPRegen 0.08/turn               (no ring)
                                (no ring)
                                (no ring)

@: appendages (expiring), constricted
A: tentacle spike 3, almost no armour, amphibious, 8 rings, camouflage 1,
gelatinous body 1, (nimble swimmer 1), tentacles
a: End Transformation


You were on level 1 of the Dungeon.
One of your tentacles had grown a beastly spike.
You visited 1 branch of the dungeon, and saw 1 of its levels.

You aren't carrying anything.


   Skills:
 + Level 1.1 Fighting
 - Level 2.0 Dodging
 - Level 1.0 Stealth
 + Level 3.1 Unarmed Combat
 - Level 2.0 Spellcasting
 - Level 2.0 Transmutations


You had 3 spell levels left.
You knew the following spells:

 Your Spells              Type           Power      Damage    Failure   Level
a - Beastly Appendage     Tmut           14%        N/A       10%         1

Your spell library contained the following spells:

 Spells                   Type           Power      Damage    Failure   Level
 Wereblood                Tmut           7%         N/A       14%         2
 Spider Form              Tmut/Pois      4%         N/A       41%         3
 Ice Form                 Ice/Tmut       4%         N/A       82%         4


Dungeon Overview and Level Annotations

Branches:
Dungeon (1/15)

Altars:


Innate Abilities, Weirdness & Mutations

One of your tentacles has grown a beastly spike.
You cannot wear most types of armour.
You are amphibious.
You can wear up to eight rings at the same time.
Your skin changes colour to match your surroundings (Stealth+).
Your rubbery body absorbs attacks. (AC +1, EV +1)
((You are camouflaged when in or above water. (Stealth+)))
You have tentacles for arms and can constrict up to eight enemies at once.


Message History

You squeeze the quokka, but do no damage.
Your transformation is almost over.
You constrict the quokka. The quokka bites you.
You tentacle-slap the quokka but do no damage.
Your tentacle spike misses the quokka.
The quokka is moderately wounded.
You constrict the quokka. The quokka misses you.
The ball python barely misses you. The ball python completely misses you.
The quokka closely misses you. x2
You barely miss the quokka.
The quokka is heavily wounded.
You constrict the quokka. The ball python barely misses you.
The ball python closely misses you. The quokka bites you. x2
The ball python barely misses you. The ball python closely misses you.
You tentacle-slap the quokka but do no damage.
You pierce the quokka.
The quokka is almost dead.
You constrict the quokka, but do no damage.
The quokka barely misses you. x2; The ball python bites you.
The ball python grabs you. The ball python constricts you.
You are too injured to fight recklessly!
You tentacle-slap the quokka.
You kill the quokka!
The quokka barely misses you. The ball python barely misses you.
The ball python constricts you.
Training target 1.0 for Stealth reached!
Your Stealth skill increases to level 1!
You tentacle-slap the quokka but do no damage.
Your grab misses the quokka.
You pierce the quokka.
The quokka is moderately wounded.
The quokka barely misses you. The ball python barely misses you.
The ball python constricts you. The quokka barely misses you.
You closely miss the ball python. Your grab misses the ball python.
You pierce the ball python, but do no damage.
The ball python bites you.
* * * LOW HITPOINT WARNING * * *
The ball python constricts you.
* * * LOW HITPOINT WARNING * * *
The quokka bites you.
You die...

#.. .. #..#####.######
#..............
#!#............
#.#............
#.......>......
####....S†.......
........r@†......
.....>...†......
###............
###.########. #.# ####
#######.####### §≈§###
#).............
≈≈§≈≈#########.....##.
#§≈§§≈# #.......#


You could see a quokka and a ball python.

Vanquished Creatures
  2 quokkas (D:1)
  2 frilled lizards (D:1)
4 creatures vanquished.

Notes
Turn   | Place    | Note
-------+----------+-------------------------------------------
     0 | D:1      | buhh the Octopode Transmuter began the quest for the Orb.
     0 | D:1      | Reached XP level 1. HP: 13/13 MP: 3/3
    53 | D:1      | Slain by a quokka

Illustrated notes

Levels and vault maps discovered:
D:1:      lightli_molten_gateway, layout_rooms

Skill      XL: |  1 |
---------------+----+-----
Stealth        | 1 |  1.0
Fighting       | |  1.1
Dodging        | |  2.0
Unarmed Combat | |  3.1
Spellcasting   | |  2.0
Transmutations | |  2.0

Action                   || total
-------------------------++-------
Melee: Unarmed           ||    11
       Kick              ||     4
       Constrict         ||     3
       Tentacles         ||     1
 Cast: Beastly Appendage ||     1
Dodge: Dodged            ||    17
